 Dungeon Crawl Stone Soup version 0.28-a0-1236-gb25a51b929 (webtiles) character file.

Game seed: 4405715974932468406

695 croobank the Sneak (level 7, -4/60 HPs)
             Began as a Demigod Delver on Dec 25, 2021.
             Killed by divine providence
             ... invoked by an orc priest
              (14 damage)
             ... on level 5 of the Dungeon.
             The game lasted 00:20:18 (5497 turns).

croobank the Sneak (Demigod Delver)                 Turns: 5497, Time: 00:20:19

Health: -4/60      AC: 13    Str: 17    XL:     7   Next: 14%
Magic:  9/9        EV:  6    Int: 16    God:
Gold:   261        SH:  0    Dex: 15    Spells: 6/6 levels left

rFire   . . .      SeeInvis .   d - +2 dagger (venom)
rCold   . . .      Faith    .   (no shield)
rNeg    . . .      Spirit   .   j - +1 plate armour
rPois   .          Reflect  .   p - +0 helmet
rElec   .          Harm     .   (no cloak)
rCorr   .          Rampage  .   (no gloves)
Will    .....                   (no boots)
Stlth   ..........              (no amulet)
HPRegen 0.20/turn               (no ring)
MPRegen 0.11/turn               (no ring)

@: no status effects
A: high mp 1, forlorn, divine attributes
a: no special abilities


You were on level 5 of the Dungeon.
You visited 1 branch of the dungeon, and saw 5 of its levels.

You collected 261 gold pieces.

Inventory:

Hand Weapons
 d - a +2 dagger of venom (weapon)
 o - a +1 dagger of electrocution
 t - a +0 short sword
 w - a +0 hunting sling
 x - a +2 dagger of pain
 A - a +0 battleaxe
Missiles
 c - 171 stones (quivered)
 i - 10 poisoned darts
 l - 41 bolts
 m - 54 arrows
Armour
 a - a +0 leather armour
 j - a +1 plate armour (worn)
 p - a +0 helmet (worn)
 q - a +0 ring mail
 s - a +0 chain mail
Magical Staves
 y - a staff of death
Wands
 f - a wand of digging (3)
 z - a wand of flame (19)
Scrolls
 b - a scroll of fog
Potions
 e - 3 potions of haste
 g - 4 potions of berserk rage
 h - a potion of cancellation
 k - a potion of brilliance {unknown}
 n - a potion of mutation {unknown}
 u - a potion of curing {unknown}
 v - a potion of might {unknown}
 B - a potion of heal wounds {unknown}


   Skills:
 - Level 4.4 Fighting
 - Level 2.6 Short Blades
 + Level 2.1 Axes
 - Level 2.7 Armour
 - Level 3.8 Dodging
 - Level 5.0 Stealth
 - Level 2.4 Unarmed Combat


You had 6 spell levels left.
You didn't know any spells.
Your spell library contained the following spells:

 Spells                   Type           Power      Damage    Failure   Level
 Corpse Rot               Necr/Air       0%         N/A       100%        2
 Dispel Undead            Necr           0%         3d6       100%        4
 Death Channel            Necr           0%         N/A       100%        6


Dungeon Overview and Level Annotations

Branches:
Dungeon (5/15)
 Temple: D:4-7

Annotations:
D:5 Sigmund


Innate Abilities, Weirdness & Mutations

You have an increased reservoir of magic. (+10% MP)
You shall have no god before yourself.
Your divine heritage dramatically boosts your attributes as you level up.


Message History

The orc priest mumbles some strange prayers to Beogh against you.
Beogh smites you!
You hit the orc but do no damage. The orc hits you but does no damage.
You hit the orc.
The orc is heavily wounded.
The orc closely misses you.
You closely miss the orc.
The orc is almost dead.
The orc hits you but does no damage.
You closely miss the orc.
The orc is severely wounded.
The orc hits you but does no damage.
You hit the orc but do no damage.
The orc is severely wounded.
The orc hits you but does no damage.
You hit the orc.
You kill the orc!
You hit the orc.
The orc is heavily wounded.
The orc hits you but does no damage.
You hit the orc.
You kill the orc!
The orc priest hits you but does no damage.
Items here: )))) [[[ ††††.
You closely miss the orc priest.
The orc priest hits you with a +0 hand axe.
You hit the orc priest.
The orc priest is poisoned.
The orc priest is moderately wounded.
The orc priest invokes the aid of Beogh against you.
Beogh smites you!
* * * LOW HITPOINT WARNING * * *
You hit the orc priest.
The orc priest looks as sick as possible!
The orc priest is moderately wounded.
The orc priest barely misses you.
You closely miss the orc priest.
The orc priest is moderately wounded.
The orc priest calls down the wrath of Beogh upon you.
Beogh smites you!
You die...

#.......# ##.......## #.....#
####....####...>.....####...###
...........+.........'.......#
####....####...).....####...##
#......[# ##.......## #..##
#.#####.# ##.....## #.## #.#
#.# ##...## #.# #.# #.# ##'##
#.# #.# #.# #@# #.#
###***#.#******#o#**** #.#
≈≈**,,...,,,,,,...,,,* #.#
**≈***##.*****....#*,* #.#
≈**,* *,,,,,......*,* #.# ≈≈*,*
*,**,......##,* *,*
,≈*,****,**.##....#*,****,*
≈≈*,*,,,,,..*#.....,,,,,,,*
≈**≈****,,,,,,,,,,,,,******


You could see an orc priest (extremely poisoned).

Vanquished Creatures
  3 ice beasts
  Blork the orc (D:5)
  A water moccasin skeleton (D:4)
  An orc priest (D:4)
  3 orc wizards
  A scorpion zombie (D:4)
  3 gnolls (D:3)
  3 adders
  An ufetubus (D:5)
  An adder zombie (D:3)
  2 worms
  3 dart slugs
  15 orcs
  8 endoplasms
  A giant cockroach (D:1)
  5 goblins
  9 hobgoblins
  4 jackals (D:1)
  5 quokkas
  9 ball pythons
  4 bats
  5 frilled lizards
  7 kobolds
  8 rats
103 creatures vanquished.

Notes
Turn   | Place    | Note
-------+----------+-------------------------------------------
     0 | D:5      | croobank the Demigod Delver began the quest for the Orb.
     0 | D:5      | Reached XP level 1. HP: 18/18 MP: 3/3
    42 | D:5      | Noticed Sigmund
    61 | D:5      | Noticed a sky beast
   284 | D:3      | Reached XP level 2. HP: 15/25 MP: 4/4
   839 | D:1      | Reached XP level 3. HP: 31/31 MP: 5/5
  1806 | D:2      | Reached skill level 5 in Stealth
  2457 | D:3      | Reached XP level 4. HP: 38/38 MP: 6/6
  2868 | D:3      | Noticed an ice beast
  3206 | D:3      | Killed an ice beast
  3207 | D:3      | Reached skill level 1 in Short Blades
  3207 | D:3      | Reached skill level 1 in Armour
  3207 | D:3      | Reached XP level 5. HP: 29/45 MP: 7/7
  4125 | D:4      | Reached XP level 6. HP: 47/52 MP: 8/8
  5062 | D:5      | Noticed Blork the orc
  5124 | D:5      | Killed Blork the orc
  5366 | D:5      | Reached skill level 1 in Axes
  5366 | D:5      | Reached XP level 7. HP: 46/60 MP: 9/9
  5497 | D:5      | Killed from afar by an orc priest

Illustrated notes

Levels and vault maps discovered:
D:1:      wheals_arrival_linesprint, layout_loops_ring,
          chequers_ecumenical_altar_twisty, minmay_quantized
D:2:      layout_basic, basic_altar
D:3:      minmay_inner_zag, layout_basic
D:4:      layout_loops_ring
D:5:      cheibrodos_two_vegetables, layout_loops_corners, uniq_sigmund,
          uniq_blork_the_orc, uniq_duvessa

Skill      XL: |  1  2  3  4  5  6  7 |
---------------+----------------------+-----
Dodging        | 2 3 |  3.8
Unarmed Combat | 2 |  2.4
Fighting       | 3 4 |  4.4
Stealth        | 5 |  5.0
Short Blades   | 1 2 |  2.6
Armour         | 1 2 |  2.7
Axes           | 1 2 |  2.1

Action                   |  1- 3 |  4- 6 |  7- 9 || total
-------------------------+-------+-------+-------++-------
Melee: Unarmed           |    41 |       |       ||    41
       Dagger            |    95 |   219 |    33 ||   347
       Punch             |       |     3 |       ||     3
Throw: Stone             |       |     5 |       ||     5
  Use: Scroll            |     2 |     5 |       ||     7
       Potion            |       |     1 |       ||     1
 Stab: Sleeping          |    13 |       |       ||    13
       Distracted        |     1 |       |       ||     1
Armor: Leather armour    |    11 |       |       ||    11
       Ring mail         |     8 |     9 |       ||    17
       Plate armour      |       |   107 |    14 ||   121
Dodge: Dodged            |    62 |    66 |     5 ||   133

Table legend: (Time is in decaauts)
 A = Elapsed time spent in this place.
 B = Non-inter-level travel time spent in this place.
 C = Inter-level travel time spent in this place.
 D = Time resting spent in this place.
 E = Time spent auto-exploring this place.
 F = Levels seen in this place.
 G = Mean time per level.
                   A        B        C        D        E       F      G
               +--------+--------+--------+--------+--------+-----+--------+
         Total |   5465 |   5227 |    238 |   1671 |   2229 |   5 | 1093.0 |
       Dungeon |   5465 |   5227 |    238 |   1671 |   2229 |   5 | 1093.0 |
               +--------+--------+--------+--------+--------+-----+--------+

Top non-repeatable levels by time:
     D:3: 1511 daAuts
     D:4: 1438 daAuts
     D:1: 1061 daAuts
     D:2: 773 daAuts
     D:5: 680 daAuts
